AoeStats
← Kshulo

Nomad

510438737Analyzed
4v4 RM · 1d ago on Oct 1, 2026· 43m 44s· 8 players
Game mode
Random Map
Map size
231×231
Population
200
Speed
Normal
Resources
Standard
Victory
Conquest
Starting age
Dark Age
Ending age
Imperial Age
RankedLock teamsTeams togetherTeam positionsShared explorationLock speedFull tech treeHidden civsTurbo modeCheats
Victory
Defeat
🇨🇳 Vietnamese · China
1291
+15
🇦🇷 Burgundians · Argentina
1271
+16
🇲🇽 Danes · Mexico
1264
+16
🇫🇷 Japanese · France
1197
+19
🇨🇱 Saracens · Chile
1292
-18
🇺🇾 Bengalis · Uruguay
1289
-17
🇨🇱 Vikings · Chile
1276
-17
🇨🇱 Italians · Chile
1195
-14
FatX
4:24 Loom
14:29 Feudal Age
17:52 Castle Age
16:40 Stone Mining
16:59 Double-Bit Axe
19:11 Bow Saw
18:52 Horse Collar
23:50 Gold Mining
25:25 Town Watch
28:06 Fortified Wall
28:07 Masonry
32:17 Imperial Age
31:13 Ballistics
30:35 Treadmill Crane
30:47 Pikeman
31:28 Squires
31:42 Forging
31:32 Scale Mail Armor
33:56 Conscription
33:39 Chieftains
34:59 Chemistry
35:08 Iron Casting
34:48 Chain Mail Armor
37:46 Siege Engineers
37:50 Crossbowman
38:46 Fletching
38:23 Arbalester
39:26 Padded Archer Armor
39:24 Bodkin Arrow
39:30 Padded Archer Armor
40:05 Bracer
40:43 Padded Archer Armor
42:14 Leather Archer Armor
Daiki
5:27 Loom
15:10 Feudal Age
20:26 Castle Age
21:47 Medium Warships
Kshulo
5:25 Loom
14:37 Feudal Age
18:45 Castle Age
17:25 Double-Bit Axe
20:07 Medium Warships
20:45 Fletching
24:21 Horse Collar
29:30 Wheelbarrow
29:40 Husbandry
35:05 Bimaristan
34:58 Padded Archer Armor
34:54 Bodkin Arrow
35:30 Hand Cart
39:18 Imperial Age
37:07 Town Watch
39:39 Leather Archer Armor
39:59 Bloodlines
39:13 Elite Skirmisher
39:58 Thumb Ring
40:25 Conscription
39:35 Elite Mameluke
40:54 Ring Archer Armor
42:58 Scale Barding Armor
PMA
3:57 Loom
14:40 Feudal Age
19:19 Castle Age
24:20 Town Watch
40:06 Fletching
41:41 Bodkin Arrow
41:32 Crossbowman
Cryptomage
14:39 Feudal Age
15:04 Double-Bit Axe
15:12 Fishing Lines
17:40 Gold Mining
19:08 Wheelbarrow
18:19 Loom
21:14 Castle Age
19:03 Loom
22:58 Gold Mining
23:19 Bow Saw
23:04 Gillnets
23:24 Medium Warships
32:02 Scale Mail Armor
32:12 Forging
33:06 Chain Mail Armor
32:55 Squires
32:47 Gambesons
38:55 Imperial Age
39:21 Horse Collar
41:50 Capped Ram
42:11 Elite Samurai
43:42 Fletching
43:52 Padded Archer Armor
derschulerin
3:29 Loom
14:35 Feudal Age
20:09 Castle Age
18:00 Fletching
18:21 Forging
21:54 Fletching
23:19 Bodkin Arrow
29:54 Scale Mail Armor
33:34 Chain Mail Armor
34:01 Double-Bit Axe
35:39 Iron Casting
34:45 Pikeman
35:27 Squires
36:41 Wheelbarrow
36:35 Gold Mining
37:23 Gambesons
37:42 Horse Collar
39:28 Padded Archer Armor
39:36 Arson
43:05 Imperial Age
40:51 Hand Cart
41:38 Bow Saw
ValkriaN
6:28 Loom
11:26 Double-Bit Axe
15:20 Feudal Age
15:37 Feudal Age
14:04 Fishing Lines
19:59 Castle Age
21:16 Bow Saw
23:08 Wheelbarrow
23:53 Town Watch
24:03 Gold Mining
24:22 Gillnets
24:45 Husbandry
24:51 Scale Barding Armor
26:09 Hand Cart
25:51 Horse Collar
33:01 Imperial Age
31:07 Fletching
31:17 Padded Archer Armor
31:37 Heavy Plow
31:42 Treadmill Crane
32:42 Gold Shaft Mining
32:17 Bodkin Arrow
32:36 Forging
32:46 Chain Barding Armor
32:40 Town Patrol
33:07 Leather Archer Armor
32:25 Light Cavalry
33:20 Stone Mining
34:52 Chemistry
34:19 Conscription
34:07 Burgundian Vineyards
35:09 Hoardings
35:56 Iron Casting
35:56 Plate Barding Armor
825889483
4:17 Loom
15:01 Feudal Age
18:49 Castle Age
20:00 Bloodlines
19:52 Husbandry
20:02 Scale Barding Armor
20:08 Forging
34:23 Horse Collar
39:19 Imperial Age
37:27 Wheelbarrow
36:38 Town Watch
38:14 Padded Archer Armor
38:05 Fletching
38:41 Ballistics
38:31 Elite Skirmisher
39:09 Crossbowman
40:09 Thumb Ring
40:33 Bodkin Arrow
41:22 Gold Mining
42:04 Heavy Cavalry Archer
44:13 Chemistry
43:29 Bracer
43:45 Leather Archer Armor
Connection lost

Rejoining the realm…

Still unreachable

The connection could not be restored.

Session expired

The server has moved on; the page needs a fresh start.